 Dungeon Crawl Stone Soup version 0.29.1-15-g9cfb28693d (webtiles) character file.

Game seed: 1152273841905541251

1575 Libra00 the Grappler (level 8, 0/80 HPs)
             Began as a Troll Fighter on June 5, 2023.
             Was an Initiate of Wu Jian.
             Succumbed to a killer bee's poison
             ... on level 5 of the Dungeon.
             The game lasted 00:12:53 (4957 turns).

Libra00 the Grappler (Troll Fighter)                Turns: 4957, Time: 00:12:54

Health: 0/80       AC:  4    Str: 27    XL:     8   Next: 60%
Magic:  7/7        EV: 12    Int:  4    God:    Wu Jian [......]
Gold:   235        SH: 13    Dex:  9    Spells: 7/7 levels left

rFire   + . .      SeeInvis .     - Unarmed
rCold   + . .      Faith    .   b - +0 kite shield
rNeg    . . .      Spirit   .   a - +0 robe
rPois   +          Reflect  +   (helmet restricted)
rElec   +          Harm     .   (no cloak)
rCorr   +          Rampage  .   (gloves unavailable)
Will    .....                   (boots unavailable)
Stlth   +.........              o - amulet of reflection
HPRegen 1.03/turn               x - ring of wizardry
MPRegen 0.10/turn               z - +4 ring of evasion

@: mighty, brilliant, lethally poisoned (0 -> -4), resistant
A: large, unfitting armour, claws 3, regeneration 1, shaggy fur 1, tough skin 1
a: Renounce Religion


You were on level 5 of the Dungeon.
You worshipped Wu Jian.
Wu Jian was noncommittal.
You visited 2 branches of the dungeon, and saw 6 of its levels.

You collected 235 gold pieces.

Inventory:

Hand Weapons
 D - a +0 dire flail of protection
Armour
 a - a +0 robe (worn)
 b - a +0 kite shield (worn)
Jewellery
 o - an amulet of reflection (around neck)
 x - a ring of wizardry (left claw)
 z - a +4 ring of evasion (right claw)
Wands
 y - a wand of polymorph (5)
Scrolls
 d - 7 scrolls of identify {unknown}
 e - a scroll of brand weapon {unknown}
 g - 3 scrolls of enchant weapon {unknown}
 i - 2 scrolls of noise {unknown}
 j - a scroll of vulnerability {unknown}
 k - a scroll of silence {unknown}
 l - a scroll of amnesia {unknown}
 p - 3 scrolls of butterflies {unknown}
 q - 3 scrolls of teleportation {unknown}
 r - a scroll of blinking {unknown}
 A - a scroll of fear {unknown}
 C - a scroll of immolation {unknown}
Potions
 c - a potion of might
 f - a potion of resistance
 h - a potion of heal wounds {unknown}
 n - a potion of cancellation {unknown}
 s - a potion of brilliance
 t - a potion of berserk rage {unknown}
 u - a potion of attraction {unknown}
 v - a potion of curing {unknown}
 w - a potion of flight {unknown}
 B - 2 potions of ambrosia


   Skills:
 + Level 5.1 Fighting
 - Level 2.4 Dodging
 + Level 5.6 Shields
 * Level 8.0 Unarmed Combat


You had 7 spell levels left.
You didn't know any spells.
Your spell library contained the following spells:

 Spells                   Type           Power      Damage    Failure   Level
 Slow                     Hex            0%         N/A       43%         1
 Poisonous Vapours        Pois/Air       0%         N/A       56%         2
 Confusing Touch          Hex            0%         N/A       78%         3
 Vampiric Draining        Necr           0%         2d6       78%         3
 Cause Fear               Hex            0%         N/A       99%         4
 Corpse Rot               Necr/Pois/Air  0%         N/A       99%         4
 Dragon Form              Tmut           0%         N/A       100%        7
 Dragon's Call            Summ           0%         N/A       100%        9


Dungeon Overview and Level Annotations

Branches:
Dungeon (5/15)             Temple (1/1) D:5

Altars:
Ashenzari
Cheibriados
Dithmenos
Fedhas
Hepliaklqana
Kikubaaqudgha
Makhleb
Nemelex Xobeh
Qazlal
Ru
Trog
Uskayaw
Vehumet
Wu Jian
Yredelemnul
Zin
The Shining One

Annotations:
D:5 1 transporter


Innate Abilities, Weirdness & Mutations

You are too large for most types of armour.
You have claws for hands.
Your natural rate of healing is unusually fast.
You are covered in fur. (AC +1)
You have tough skin. (AC +1)


Message History

You block the killer bee's attack. x2
You closely miss the killer bee.
You feel sick. The killer bee stings you.
You are more poisoned.
The killer bee poisons you! The killer bee completely misses you.
You barely miss the killer bee.
You feel very sick. The killer bee stings you.
You are more poisoned.
The killer bee poisons you! The killer bee closely misses you.
You claw the killer bee!
The killer bee is almost dead.
You feel very sick. The killer bee stings you.
* * * LOW HITPOINT WARNING * * *
You are more poisoned.
The killer bee poisons you! The killer bee stings you!
* * * LOW HITPOINT WARNING * * *
It was a potion of resistance.
You feel protected.
* * * LOW HITPOINT WARNING * * *
You feel very sick. The killer bee stings you.
* * * LOW HITPOINT WARNING * * *
You block the killer bee's attack.
z - a +4 ring of evasion (right claw)
* * * LOW HITPOINT WARNING * * *
You feel sick. You block the killer bee's attack.
It was a potion of brilliance.
You feel clever all of a sudden.
* * * LOW HITPOINT WARNING * * *
You feel very sick. You block the killer bee's attack.
The killer bee closely misses you.
Okay, then.
You closely miss the killer bee.
The killer bee is almost dead.
* * * LOW HITPOINT WARNING * * *
You feel sick. The killer bee closely misses you.
You closely miss the killer bee.
The killer bee is almost dead.
You die...

#.....#########..#
#....###y###.###.#
##.#.##yy.#...##.##
#.#.####.#.####..###
#.#.##.!.#!.y##....###
#...#.#.#.#.#y#....'.##
##..#..#.. #.y#....#...
#.©#©.#.# #yy#©...#...
##.#.@#. .#.y#....#...
#.#.#y#.#.#)#....#...
#.##!..#...##.#######
#.##.###.#.##.#
#.##...#!..##.# #.###.#
#.###.#
#..#########..######
##..###.###........#
##.....).)........#


You could see a killer bee.

Vanquished Creatures
  The ghost of Jingleheimer the Carver, a novice TeFi (D:5)
  Edmund (D:5)
  Duvessa (D:5)
  An ice beast (D:4)
  2 phantoms (D:5)
  2 scorpions (D:5)
  Dowan (D:5)
  A killer bee (D:5)
  A howler monkey (D:5)
  2 hounds (D:5)
  4 orc priests
  Terence (D:2)
  2 iguanas (D:5)
  2 orc wizards (D:4)
  7 adders
  7 gnolls
  A white imp (D:5)
  3 worms
  A dart slug (D:1)
  14 orcs
  7 bats
  An endoplasm (D:2)
  3 giant cockroaches (D:2)
  2 goblins (D:1)
  8 hobgoblins
  11 jackals
  10 kobolds
  A quokka (D:4)
  6 ball pythons
  2 frilled lizards
  7 rats
113 creatures vanquished.

Notes
Turn   | Place    | Note
-------+----------+-------------------------------------------
     0 | D:1      | Libra00 the Troll Fighter began the quest for the Orb.
     0 | D:1      | Reached XP level 1. HP: 22/22 MP: 0/0
    69 | D:1      | Reached XP level 2. HP: 29/29 MP: 1/1
   587 | D:1      | Found a faded altar of an unknown god.
   747 | D:2      | Reached skill level 3 in Unarmed Combat
   747 | D:2      | Reached XP level 3. HP: 31/36 MP: 2/2
   885 | D:2      | Noticed Terence
   900 | D:2      | Killed Terence
   901 | D:2      | Reached XP level 4. HP: 44/44 MP: 3/3
  1431 | D:3      | Reached XP level 5. HP: 53/53 MP: 4/4
  1540 | D:3      | Reached skill level 4 in Unarmed Combat
  2297 | D:4      | Reached XP level 6. HP: 36/61 MP: 5/5
  2498 | D:4      | Noticed an ice beast
  2508 | D:4      | Killed an ice beast
  2509 | D:4      | Reached skill level 5 in Unarmed Combat
  3104 | D:5      | Entered Level 5 of the Dungeon
  3160 | D:5      | Reached XP level 7. HP: 59/68 MP: 6/6
  3236 | D:5      | Found a staircase to the Ecumenical Temple.
  3250 | Temple   | Entered the Ecumenical Temple
  3412 | Temple   | Became a worshipper of the Wu Jian Council
  3470 | D:5      | Reached skill level 6 in Unarmed Combat
  3543 | D:5      | Noticed Jingleheimer's ghost (novice TeFi)
  3551 | D:5      | Found a transporter.
  4210 | D:5      | Noticed Dowan
  4217 | D:5      | Noticed Duvessa
  4227 | D:5      | Killed Duvessa
  4234 | D:5      | Noticed Edmund
  4236 | D:5      | Killed Dowan
  4237 | D:5      | Reached skill level 5 in Shields
  4237 | D:5      | Reached XP level 8. HP: 74/79 MP: 7/7
  4247 | D:5      | Killed Edmund
  4248 | D:5      | Reached skill level 7 in Unarmed Combat
  4266 | D:5      | Found a transporter.
  4945 | D:5      | Killed Jingleheimer's ghost
  4946 | D:5      | Reached skill level 5 in Fighting
  4948 | D:5      | Reached skill level 8 in Unarmed Combat
  4955 | D:5      | HP: 3/80 [poisoned by a killer bee]
  4957 | D:5      | Succumbed to a killer bee's poison

Illustrated notes

Levels and vault maps discovered:
D:1:      dpeg_arrival_round_b, layout_loops_cross, serial_shops,
          nicolae_shop_overgrown_old_shop, shapermc_ecumenical_altar_ellora,
          hangedman_decor_lopped
D:2:      layout_rooms, kennysheep_generic_room_2, uniq_terence
D:3:      layout_loops_corners
D:4:      layout_basic
D:5:      layout_basic, temple_statues, gammafunk_ghost_hive, uniq_edmund,
          uniq_duvessa
Temple:   bh_familiar_temple

Skill      XL: |  1  2  3  4  5  6  7  8 |
---------------+-------------------------+-----
Shields        | 3 4 5 |  5.6
Unarmed Combat | 3 4 5 6 8 |  8.0
Fighting       | 3 4 5 |  5.1
Dodging        | |  2.4

Action                   |  1- 3 |  4- 6 |  7- 9 || total
-------------------------+-------+-------+-------++-------
Melee: Unarmed           |    95 |   170 |    94 ||   359
Invok: Lunge             |       |       |     2 ||     2
  Use: Potion            |       |       |     3 ||     3
 Stab: Sleeping          |       |     1 |       ||     1
Armor: Robe              |    44 |    21 |    10 ||    75
Dodge: Dodged            |    32 |    29 |    24 ||    85
Block: Kite shield       |    34 |    92 |    44 ||   170
